 Dungeon Crawl Stone Soup version 0.31-a0-214-gb37851dbb3 (webtiles) character file.

Game seed: 8618303168756153299

127 qw the Shooter (level 4, -5/38 HPs)
             Began as a Minotaur Hexslinger on July 1, 2023.
             Succumbed to a scorpion's poison
             ... on level 3 of the Dungeon.
             The game lasted 00:00:51 (1637 turns).

qw the Shooter (Minotaur Hexslinger)                Turns: 1637, Time: 00:00:51

Health: -5/38      AC:  5    Str: 18    XL:     4   Next: 85%
Magic:  4/4        EV: 11    Int: 10    God:
Gold:   129        SH:  0    Dex: 15    Spells: 4/5 levels left

rFire   . . .        Y - +1 sling
rCold   . . .        (no shield)
rNeg    . . .        j - +0 ring mail
rPois   .            (helmet restricted)
rElec   .            (no cloak)
rCorr   .            (no gloves)
SInv    .            (no boots)
Will    +....        (no amulet)
Stlth   +            d - +6 ring of strength
HPRegen 0.26/turn    e - ring of willpower
MPRegen 0.09/turn

%: no passive effects
@: lethally poisoned (-5 -> -28), about to teleport
A: horns 2, retaliatory headbutt
a: no special abilities


You were on level 3 of the Dungeon.
You visited 1 branch of the dungeon, and saw 3 of its levels.

You collected 129 gold pieces.


Innate Abilities, Weirdness & Mutations

You have a pair of horns on your head.
You reflexively headbutt those who attack you in melee.


   Skills:
 - Level 3.0 Fighting
 - Level 5.0 Ranged Weapons
 + Level 0.2 Armour
 - Level 2.1 Dodging
 - Level 1.0 Spellcasting
 - Level 2.0 Hexes


You had 4 spell levels left.
You knew the following spells:

 Your Spells              Type           Power      Damage    Failure   Level
a - Slow                  Hex            16%        N/A       26%         1

Your spell library contained the following spells:

 Spells                   Type           Power      Damage    Failure   Level
 Inner Flame              Hex/Fire       2%         N/A       77%         3
 Portal Projectile        Hex/Tloc       4%         N/A       77%         3
 Cause Fear               Hex            2%         N/A       95%         4

Inventory:

Hand Weapons
 Y - a +1 sling (weapon)
Armour
 j - a +0 ring mail (worn)
Jewellery
 d - a +6 ring of strength (left hand)
 e - a ring of willpower (right hand)
Scrolls
 i - a scroll of teleportation
Potions
 a - a potion of heal wounds {unknown}
 c - a potion of attraction {unknown}
 g - a potion of cancellation {unknown}
 h - a potion of curing

Dungeon Overview and Level Annotations

Branches:
Dungeon (3/15)

Altars:


Message History

You shoot a sling bullet.
The sling bullet hits the scorpion but does no damage.
The scorpion is heavily wounded.
You feel sick. The scorpion stings you.
The scorpion stings you but does no damage.
You shoot a sling bullet.
The sling bullet barely misses the scorpion.
You feel sick. The scorpion barely misses you. You furiously retaliate!
You headbutt the scorpion! You shoot a sling bullet.
The sling bullet hits the scorpion but does no damage.
The scorpion is almost dead.
You feel sick. The scorpion barely misses you. The scorpion stings you.
You are more poisoned.
The scorpion poisons you!
You shoot a sling bullet.
The sling bullet hits the scorpion but does no damage.
The scorpion is almost dead.
You feel very sick. The scorpion stings you.
You are lethally poisoned!
The scorpion poisons you!
A frilled lizard comes into view.
You shoot a sling bullet. The frilled lizard hisses angrily.
The sling bullet hits the scorpion but does no damage.
The scorpion is almost dead.
You feel very sick.
The scorpion stings you but does no damage. x2
1636 ||| READING 2 scrolls of teleportation.
As you read the scroll of teleportation, it crumbles to dust.
You feel strangely unstable.
You feel very sick. The scorpion stings you.
You are more poisoned.
The scorpion poisons you!
You shoot a sling bullet.
The sling bullet hits the scorpion but does no damage.
The scorpion is almost dead.
You die...

######## #......#
#......# ..# #......####
..l..#########......##..
......s@................
.....#################..
... #... . #... 7##...
P..... ...... P.....
P....#


You could see a scorpion and a frilled lizard.

Vanquished Creatures
  Robin (D:3)
  3 adders
  A worm (D:2)
  3 dart slugs
  An orc (D:3)
  8 endoplasms
  6 giant cockroaches
  15 goblins
  10 hobgoblins
  4 jackals (D:1)
  A quokka (D:1)
  5 ball pythons
  5 bats
  2 frilled lizards
  2 kobolds
  2 rats
69 creatures vanquished.

Notes
Turn   | Place    | Note
-------+----------+-------------------------------------------
     0 | D:1      | qw the Minotaur Hexslinger began the quest for the Orb.
     0 | D:1      | Reached XP level 1. HP: 16/16 MP: 1/1
     0 | D:1      | 0 ||| qw: Version: 0.3-a-32-g5962c71
     0 | D:1      | 0 ||| qw: Game counter: 7490
     0 | D:1      | 0 ||| qw: Melee chars always use a shield: true
     0 | D:1      | 0 ||| qw: God list: Okawaru
     0 | D:1      | 0 ||| qw: Allow faded altars: false
     0 | D:1      | 0 ||| qw: Do Orc after clearing Dungeon:15 true
     0 | D:1      | 0 ||| qw: Do second Lair branch before Depths: true
     0 | D:1      | 0 ||| qw: Lair rune preference: random
     0 | D:1      | 0 ||| qw: Goals: Normal
     0 | D:1      | 0 ||| PLANNING D:1-11
    24 | D:1      | Found a faded altar of an unknown god.
    48 | D:1      | Reached skill level 3 in Ranged Weapons
    48 | D:1      | Reached XP level 2. HP: 23/23 MP: 2/2
   340 | D:1      | 340 ||| UPGRADING to +0 leather armour.
   350 | D:1      | 350 ||| DROPPING +0 robe.
   351 | D:1      | 351 ||| READING scroll labelled NAVOC QA KAHO.
   354 | D:1      | 354 ||| READING scroll labelled UCRIOB WUOCVURPH.
   355 | D:1      | 355 ||| READING scroll labelled ZARAAPR CAFI.
   456 | D:1      | 456 ||| DROPPING scroll of poison.
   503 | D:2      | Reached XP level 3. HP: 29/29 MP: 3/3
   736 | D:2      | Reached skill level 4 in Ranged Weapons
  1206 | D:2      | 1206 ||| UPGRADING to +0 ring mail.
  1216 | D:2      | 1216 ||| DROPPING +0 leather armour.
  1217 | D:2      | 1217 ||| UPGRADING to +6 ring of strength.
  1218 | D:2      | 1218 ||| READING scroll labelled BOYHUWN RAIT.
  1219 | D:2      | 1219 ||| READING scroll labelled MOENKY OKUNIE.
  1220 | D:2      | 1220 ||| READING scroll labelled KAVAWNERUI.
  1221 | D:2      | 1221 ||| DRINKING 2 golden potions.
  1261 | D:3      | Reached XP level 4. HP: 32/36 MP: 4/4
  1332 | D:3      | Reached skill level 5 in Ranged Weapons
  1441 | D:3      | Noticed Robin
  1455 | D:3      | Killed Robin
  1460 | D:3      | Reached skill level 3 in Fighting
  1480 | D:3      | 1480 ||| FLEEEEING.
  1481 | D:3      | 1481 ||| FLEEEEING.
  1482 | D:3      | 1482 ||| FLEEEEING.
  1485 | D:3      | 1485 ||| FLEEEEING.
  1486 | D:3      | 1486 ||| FLEEEEING.
  1487 | D:3      | 1487 ||| STAIRDANCE
  1560 | D:2      | 1560 ||| UPGRADING to ring of willpower.
  1561 | D:2      | 1561 ||| READING scroll labelled CALOOGHIGASK.
  1562 | D:2      | 1562 ||| DRINKING 2 smoky blue potions.
  1563 | D:2      | 1563 ||| DROPPING potion of invisibility.
  1625 | D:3      | Noticed a scorpion
  1635 | D:3      | HP: 8/38 [poisoned by a scorpion]
  1636 | D:3      | 1636 ||| READING 2 scrolls of teleportation.
  1636 | D:3      | HP: 2/38 [scorpion (4)]
  1637 | D:3      | Succumbed to a scorpion's poison

Levels and vault maps discovered:
D:1:      psy_arrival_statuary, layout_rooms,
          hellmonk_ecumenical_altar_slurped_away, serial_park_tiny_2
D:2:      layout_basic, hangedman_decor_riveting, minmay_fractal_squares_5
D:3:      minmay_recursive_quarters, layout_basic, mainiacjoe_overflow_alcove_4,
          nicolae_overflow_crystal_walls, uniq_robin, uniq_crazy_yiuf_cottage

Skill      XL: |  1  2  3  4 |
---------------+-------------+-----
Ranged Weapons | 3 4 5 |  5.0
Fighting       | 2 3 |  3.0
Armour         | |  0.2
Dodging        | |  2.1
Spellcasting   | |  1.0
Hexes          | |  2.0

Action                     |  1- 3 |  4- 6 || total
---------------------------+-------+-------++-------
   Fire: Sling             |   129 |    78 ||   207
    Use: Scroll            |     6 |     2 ||     8
         Potion            |     1 |     1 ||     2
 Armour: Robe              |     5 |       ||     5
         Leather armour    |     6 |       ||     6
         Ring mail         |     5 |    33 ||    38
  Dodge: Dodged            |    38 |    40 ||    78

Table legend:
 A = Non-vault XP
 B = Vault XP
 C = Vault XP percentage of total XP
 D = Non-vault monster count
 E = Vault monster count
 F = Vault count percentage of total count
                 A         B        C        D         E       F
            +---------+---------+-------+---------+---------+-------
      Total |     102 |      80 |  44.0 |      43 |      26 |  37.7
            +---------+---------+-------+---------+---------+-------
        D:1 |      31 |       2 |   6.1 |      19 |       1 |   5.0
        D:2 |      55 |       6 |   9.8 |      21 |       3 |  12.5
        D:3 |      16 |      72 |  81.8 |       3 |      22 |  88.0
            +---------+---------+-------+---------+---------+-------
